 Dungeon Crawl Stone Soup version 0.26-b1-32-g5d43845318 (webtiles) character file.

Game seed: 10428850318119388942

55 theswoord the Insei (level 3, -2/26 HPs)
             Began as a Demonspawn Transmuter on Jan 11, 2021.
             Slain by Crazy Yiuf
             ... wielding a +3 quarterstaff of chaos
              (9 damage)
             ... on level 2 of the Dungeon.
             The game lasted 00:04:17 (2202 turns).

theswoord the Insei (Demonspawn Transmuter)         Turns: 2202, Time: 00:04:19

Health: -2/26      AC:  7    Str: 11    XL:     3   Next: 67%
Magic:  6/6        EV: 12    Int: 20    God:
Gold:   107        SH:  0    Dex: 13    Spells: 3/6 levels left

rFire    . . .     SeeInvis .     - Unarmed
rCold    . . .     Faith    .   (no shield)
rNeg     . . .     Spirit   .   e - +0 leather armour
rPois    .         Reflect  .   (no helmet)
rElec    .         Harm     .   (no cloak)
rCorr    .         Rampage  .   (no gloves)
Will     .....                  (no boots)
Stlth    +.........             (no amulet)
HPRegen  0.08/turn              i - +4 ring of protection
MPRegen  0.10/turn              o - +6 ring of intelligence

@: no status effects
A: talons 2
a: no special abilities


You were on level 2 of the Dungeon.
You visited 1 branch of the dungeon, and saw 2 of its levels.

You collected 107 gold pieces.

Inventory:

Armour
 a - a +0 robe
 e - a +0 leather armour (worn)
 k - a +0 helmet
Jewellery
 i - a +4 ring of protection (left hand)
 j - an uncursed ring of attention
 n - a +6 ring of dexterity
 o - a +6 ring of intelligence (right hand)
Scrolls
 b - a scroll of teleportation
 c - a scroll of amnesia
 f - 2 scrolls of remove curse
 g - a scroll of random uselessness {unknown}
 h - 2 scrolls of blinking {unknown}
Potions
 p - a potion of degeneration {unknown}


   Skills:
 - Level 1.0 Fighting
 - Level 1.7 Dodging
 + Level 3.5 Unarmed Combat
 - Level 2.0 Spellcasting
 + Level 2.9 Transmutations


You had 3 spell levels left.
You knew the following spells:

 Your Spells              Type           Power        Failure   Level
a - Beastly Appendage     Tmut           26%          6%          1
b - Wereblood             Tmut           13%          10%         2

Your spell library contained the following spells:

 Spells                   Type           Power        Failure   Level
 Spider Form              Tmut/Pois      3%           34%         3
 Ice Form                 Ice/Tmut       7%           75%         4
 Blade Hands              Tmut           6%           87%         5


Dungeon Overview and Level Annotations

Branches:
Dungeon (2/15)

Altars:

Annotations:
D:2 Crazy Yiuf


Innate Abilities, Weirdness & Mutations

You have razor-sharp toenails.


Message History

* * * LOW HITPOINT WARNING * * *
Crazy Yiuf freezes you.
* * * LOW HITPOINT WARNING * * *
You hit Crazy Yiuf but do no damage.
Crazy Yiuf is moderately wounded.
Crazy Yiuf hits you with a +3 quarterstaff of chaos.
* * * LOW HITPOINT WARNING * * *
Crazy Yiuf flaps his cloak.
Crazy Yiuf barely misses you.
It was a potion of invisibility.
You fade into invisibility!
Crazy Yiuf barely misses you.
You are very lightly contaminated with residual magic.
It was a potion of cancellation.
Your magical effects are unravelling.
You feel magically purged.
Your magical contamination has completely faded away.
Your horns disappear.
You feel yourself speed up.
You flicker back into view.
Crazy Yiuf hits you with a +3 quarterstaff of chaos!
You die...

####..........#.#.#
#.#
...#..###.#########
#.# ##.#.......#
#.# #......##.##
##### #.#
#..##..##.# #)..#
#####.#
#..##..##.## #...#
#.....#
#..##......# *...*
###.########
...##..##..# *#g#*
#.#.# #.....
#.####.##..# ♣@♣♣
#.#.###.###.
.....#.##..# ♣♣.♣
#.#.....# #.
.....#.##.(# ♣.♣♣
#.#########.
.....#..#..# ♣♣.♣
#.'.........
.....##.#..# ♣♣.♣♣
#.##########
.....##....# ♣♣...♣
#.# ...).###...#
♣....♣ #.# .....#
#...# ##..## #.#
.....#
#...####....# ###


You could see Crazy Yiuf.

Vanquished Creatures
  2 oozes (D:1)
  3 worms (D:2)
  A dart slug (D:1)
  A leopard gecko (D:2)
  2 giant cockroaches
  5 goblins
  3 hobgoblins (D:2)
  3 kobolds (D:1)
  A ball python (D:1)
  6 bats
  3 frilled lizards (D:1)
  6 rats
36 creatures vanquished.

Notes
Turn   | Place    | Note
-------+----------+-------------------------------------------
     0 | D:1      | theswoord the Demonspawn Transmuter began the quest for the
                  | Orb.
     0 | D:1      | Reached XP level 1. HP: 15/15 MP: 3/3
   211 | D:1      | Reached skill level 3 in Unarmed Combat
   211 | D:1      | Mutation became permanent: You have sharp toenails.
                  | [demonic ancestry]
   211 | D:1      | Gained mutation: You have razor-sharp toenails. [demonic
                  | ancestry]
   211 | D:1      | Reached XP level 2. HP: 18/21 MP: 3/5
   783 | D:1      | Gained mutation: You have razor-sharp toenails. [demonic
                  | ancestry]
   783 | D:1      | Reached XP level 3. HP: 26/26 MP: 6/6
   828 | D:1      | Learned a level 2 spell: Wereblood
  2095 | D:2      | Found a runed translucent door.
  2096 | D:2      | Noticed Crazy Yiuf
  2202 | D:2      | Slain by Crazy Yiuf

Skill      XL: |  1 |
---------------+----+-----
Transmutations | 2 |  2.9
Unarmed Combat | 3 |  3.5
Fighting       | |  1.0
Dodging        | |  1.7
Spellcasting   | |  2.0

Action                   || total
-------------------------++-------
Melee: Unarmed           ||   110
       Kick              ||    21
       Headbutt          ||     4
 Cast: Beastly Appendage ||     6
       Wereblood         ||     1
  Use: Scroll            ||     4
       Potion            ||     2
 Stab: Sleeping          ||     1
Armor: Robe              ||    11
       Leather armour    ||    13
Dodge: Dodged            ||    69

Levels and vault maps discovered:
D:1:      heliophobic_arrival_henge, layout_loops_cross
D:2:      layout_basic, uniq_crazy_yiuf_cottage
